 Dungeon Crawl Stone Soup version 0.21-a0-528-gf531e82 (webtiles) character file.

3778 Dawnplanks the Basher (level 9, -7/79 HPs)
             Began as a Minotaur Fighter on Dec 8, 2017.
             Mangled by an orc warrior
             ... wielding a +0 trident
              (13 damage)
             ... on level 7 of the Dungeon.
             The game lasted 00:16:42 (5858 turns).

Dawnplanks the Basher (Minotaur Fighter)            Turns: 5858, Time: 00:16:43

Health: -7/79      AC: 10    Str: 24    XL:     9   Next: 95%
Magic:  8/8        EV: 12    Int:  6    God:
Gold:   162        SH: 11    Dex: 12    Spells: 8/8 levels left

rFire    + . .     SeeInvis .   o - +7 club
rCold    . . .     Gourm    .   c - +0 shield
rNeg     + . .     Faith    .   M - +1 ring mail {rN+}
rPois    .         Spirit   .   (helmet restricted)
rElec    .         Reflect  .   (no cloak)
rCorr    .         Harm     .   I - +0 pair of gloves
MR       .....                  (no boots)
Stlth    +.........             (no amulet)
HPRegen  0.23/turn              n - +1 ring of slaying
MPRegen  0.11/turn              K - ring of the Octopus King {rF+ AC+1 EV+1 Str+1 Int+1 Dex+1}

@: no status effects
A: retaliatory headbutt, horns 2
a: no special abilities


You were on level 7 of the Dungeon.
You were not hungry.

You visited 2 branches of the dungeon, and saw 8 of its levels.

You collected 312 gold pieces.
You spent 150 gold pieces at shops.

Inventory:

Hand Weapons
 a - a +0 war axe
 o - a +7 club (weapon)
 D - a +2 hand axe of electrocution
Missiles
 C - 3 tomahawks (quivered)
 N - 6 silver tomahawks
Armour
 c - a +0 shield (worn)
 I - a +0 pair of gloves (worn)
 M - a +1 ring mail of positive energy (worn)
Jewellery
 n - a +1 ring of slaying (left hand)
 t - an uncursed amulet of harm
 B - a +4 ring of intelligence
 G - an uncursed ring of fire
 K - a ring of the Octopus King (right hand) {rF+ AC+1 EV+1 Str+1 Int+1 Dex+1}
   (You bought it in a shop on level 6 of the Dungeon)

   [ring of protection from fire]

   It affects your AC (+1).
   It affects your evasion (+1).
   It affects your strength (+1).
   It affects your intelligence (+1).
   It affects your dexterity (+1).
   It protects you from fire.
Wands
 E - a wand of enslavement (10)
 H - a wand of random effects (59)
Scrolls
 d - 7 scrolls of identify {unknown}
 e - 5 scrolls of teleportation {unknown}
 i - a scroll of magic mapping {unknown}
 j - 2 scrolls of amnesia {unknown}
 q - 10 scrolls of remove curse {unknown}
 w - 2 scrolls of blinking {unknown}
 x - a scroll of noise {unknown}
 A - 3 scrolls of enchant armour {unknown}
 F - a scroll of acquirement {unknown}
 L - a scroll of fear {unknown}
Potions
 b - a potion of haste {unknown}
 h - 4 potions of brilliance {unknown}
 k - a potion of heal wounds {unknown}
 l - a potion of magic {unknown}
 m - 7 potions of curing {unknown}
 p - a potion of berserk rage {unknown}
 r - 2 potions of lignification {unknown}
 s - a potion of flight {unknown}
 v - a potion of agility {unknown}
 z - 3 potions of cancellation {unknown}
Books
 y - a book of Misfortune

   Spells                             Type                      Level
   a - Confusing Touch                Hexes                        1
   b - Confuse                        Hexes                        3
   c - Gell's Gravitas                Translocation                3
   d - Petrify                        Transmutation/Earth          4
   e - Metabolic Englaciation         Hexes/Ice                    5
   f - Yara's Violent Unravelling     Hexes/Transmutation          5
Comestibles
 f - 7 bread rations
 g - 6 meat rations
 u - 13 fruits
 J - 5 chunks of flesh


   Skills:
 + Level 7.4 Fighting
 + Level 4.3(7.7) Axes
 + Level 9.9(10.3) Maces & Flails
 + Level 8.2 Armour
 + Level 4.2 Dodging
 + Level 8.6 Shields


You had 8 spell levels left.
You didn't know any spells.

Dungeon Overview and Level Annotations

Branches:
Dungeon (7/15)             Temple (1/1) D:4

Altars:
Ashenzari
Elyvilon
Fedhas
Gozag
Hepliaklqana
Kikubaaqudgha
Nemelex Xobeh
Okawaru
Qazlal
Sif Muna
Trog
Uskayaw
Vehumet
Wu Jian
Xom
Yredelemnul
Zin
The Shining One

Shops:
D:6 *


Innate Abilities, Weirdness & Mutations

You reflexively headbutt those who attack you in melee.
You have a pair of horns on your head.


Message History

You sock the orc priest! Your headbutt misses the orc priest.
The orc priest is severely wounded.
You block the orc warrior's attack. You block the orc priest's attack.
You barely miss the orc priest.
The orc priest is severely wounded.
The orc warrior hits you from afar with a trident.
* * * LOW HITPOINT WARNING * * *
You block the orc priest's attack.
You sock the orc priest!
You kill the orc priest!
You block the orc warrior's attack. You block the orc warrior's attack.
You closely miss the orc warrior.
The orc warrior is lightly wounded.
The orc warrior hits you with a trident!
* * * LOW HITPOINT WARNING * * *
You hit the orc warrior.
The orc warrior is moderately wounded.
The orc warrior hits you with a trident!
You die...

........+
$.......##
.........#+
#.....#.. #.#.#
#.#.# .. #.#.#+###
....###.#.....#
.........@....#
#..[..)).o....#
..#.###.#.....# ..
#.##..### #.
####.....#### .
............+
#.######..###....#
##.# #....#
#.###....#


You could see an orc warrior.

Vanquished Creatures
  The ghost of RedSky the Tormented, a novice DsNe of Kikubaaqudgha (D:6)
  A hippogriff (D:6)
  4 yaks (D:7)
  A black bear (D:7)
  A phantom (D:5)
  3 orc warriors (D:6)
  3 eyes of draining (D:5)
  3 ogres
  The ghost of mad the Shooter, an amateur CeAM (D:3)
  2 centaurs
  3 bullfrogs
  A scorpion (D:6)
  2 howler monkeys (D:7)
  2 crimson imps
  6 hounds
  2 bullfrog skeletons
  4 orc priests
  3 iguanas
  Jessica (D:2)
  A gnoll shaman (D:5)
  3 orc wizards
  4 worker ants
  2 worker ant zombies
  13 gnolls
  8 adders
  2 shadow imps
  2 oozes (D:2)
  An adder zombie (D:5)
  2 adder skeletons
  3 worms
  3 leopard geckos
  24 orcs
  2 ball pythons (D:4)
  3 bats
  6 giant cockroaches
  7 hobgoblins
  5 jackals
  A quokka (D:5)
  3 frilled lizards
  3 goblins
  5 kobolds
  2 leopard gecko skeletons
  A leopard gecko zombie (D:5)
  2 rats
152 creatures vanquished.

Notes
Turn   | Place    | Note
-------+----------+-------------------------------------------
     0 | D:1      | Dawnplanks the Minotaur Fighter began the quest for the Orb.
     0 | D:1      | Reached XP level 1. HP: 19/19 MP: 0/0
   119 | D:1      | Reached XP level 2. HP: 27/27 MP: 1/1
   658 | D:2      | Noticed Jessica
   664 | D:2      | Killed Jessica
   664 | D:2      | Reached XP level 3. HP: 33/33 MP: 2/2
   749 | D:2      | Reached XP level 4. HP: 38/40 MP: 3/3
   772 | D:2      | Found a hide-covered altar of Uskayaw.
   776 | D:2      | Noticed a dagger
   776 | D:2      | Noticed a dagger
   839 | D:2      | Found a glowing silver altar of Zin.
  1269 | D:3      | Found a shimmering altar of Xom.
  1287 | D:3      | Found an ornate altar of the Wu Jian Council.
  1287 | D:3      | Found an iron altar of Okawaru.
  1287 | D:3      | Found a glowing golden altar of the Shining One.
  1370 | D:3      | Reached skill level 1 in Maces & Flails
  1762 | D:3      | Found a transporter.
  1765 | D:3      | Reached XP level 5. HP: 47/47 MP: 4/4
  1769 | D:3      | Noticed mad's ghost (amateur CeAM)
  1770 | D:3      | Found a transporter.
  1777 | D:3      | Killed mad's ghost
  1777 | D:3      | Reached skill level 2 in Maces & Flails
  1927 | D:3      | Found a sparkling altar of Nemelex Xobeh.
  1992 | D:3      | Reached skill level 5 in Armour
  1992 | D:3      | Reached XP level 6. HP: 46/53 MP: 5/5
  2099 | D:4      | Reached skill level 5 in Shields
  2115 | D:4      | Reached skill level 3 in Maces & Flails
  2401 | D:4      | Reached skill level 1 in Dodging
  2663 | D:4      | Reached XP level 7. HP: 60/60 MP: 6/6
  2704 | D:4      | Found a staircase to the Ecumenical Temple.
  2709 | Temple   | Entered the Ecumenical Temple
  3042 | D:4      | Reached skill level 5 in Fighting
  3147 | D:4      | Reached skill level 4 in Maces & Flails
  3362 | D:5      | Entered Level 5 of the Dungeon
  3423 | D:5      | Found a bloodstained altar of Trog.
  3435 | D:5      | Reached skill level 5 in Maces & Flails
  3441 | D:5      | Reached XP level 8. HP: 64/69 MP: 0/7
  3691 | D:5      | Reached skill level 6 in Maces & Flails
  4363 | D:6      | Found Plog's Assorted Antiques.
  4367 | D:6      | Noticed a hippogriff
  4378 | D:6      | Killed a hippogriff
  4378 | D:6      | Reached skill level 7 in Maces & Flails
  4550 | D:6      | Bought a ring of the Octopus King for 150 gold pieces
  4550 | D:6      | Found the ring of the Octopus King
  4551 | D:6      | Identified a ring of the Octopus King {rF+ AC+1 EV+1 Str+1 Int+1 Dex+1} (You bought it in a shop on level 6 of the Dungeon)
  4751 | D:6      | Reached XP level 9. HP: 72/75 MP: 8/8
  4967 | D:6      | Found a stormy altar of Qazlal.
  4987 | D:6      | Noticed RedSky's ghost (novice DsNe)
  4997 | D:6      | Killed RedSky's ghost
  4997 | D:6      | Reached skill level 8 in Maces & Flails
  5682 | D:7      | Reached skill level 9 in Maces & Flails
  5858 | D:7      | Mangled by an orc warrior

Vault maps used:
D:1:      minmay_arrival_shoal_huts
D:2:      dancing_weapons_uskayaw, lemuel_coloured_pillars_altar, uniq_jessica
D:3:      gammafunk_temple_overflow_arena, grunt_temple_overflow_open,
          xom_teletrap_fun
D:4:      temple_doors_ab, first_bread
D:5:      trog_eyes_of_draining
D:6:      lemuel_crystal_altar, serial_shops, nicolae_shop_statue_plus,
          lightli_orcish_oven
D:7:      kennysheep_mini, lemuel_crystal_altar, makhleb_heckhound_becter,
          serial_shops, nicolae_shop_trees, basic_altar, grunt_livestock
Temple:   compressed_dpeg_triangle_lava_temple

Skill      XL: |  1  2  3  4  5  6  7  8  9 |
---------------+----------------------------+-----
Fighting       | 4 5 6 7 |  7.4
Armour         | 4 5 6 7 8 |  8.2
Shields        | 4 5 6 7 8 |  8.6
Axes           | 3 4 |  4.3
Maces & Flails | 1 2 3 5 7 9 |  9.9
Dodging        | 1 2 3 4 |  4.2

Action                   |  1- 3 |  4- 6 |  7- 9 || total
-------------------------+-------+-------+-------++-------
Melee: War axe           |    43 |       |       ||    43
       Headbutt          |     8 |    15 |    52 ||    75
       Club              |     4 |   101 |   294 ||   399
  Use: Potion            |       |     1 |       ||     1
 Stab: Distracted        |       |       |     1 ||     1
  Eat: Chunk             |       |     6 |    10 ||    16
Armor: Scale mail        |    19 |    27 |    44 ||    90
       Ring mail         |       |       |    13 ||    13
Dodge: Dodged            |    14 |    29 |    75 ||   118
Block: Shield            |    28 |    54 |   125 ||   207

Table legend:
 A = Spawn XP
 B = Non-spawn XP
 C = Spawn XP percentage of total XP
 D = Spawn monster count
 E = Non-spawn monster count
 F = Spawn count percentage of total count
 G = Total turns spent on level
                    A         B        C        D         E        F      G
               +---------+---------+-------+---------+---------+-------+---------
         Total |       0 |    5398 |   0.0 |       0 |     152 |   0.0 |  5858
               +---------+---------+-------+---------+---------+-------+---------
           D:1 |       0 |      21 |   0.0 |       0 |      13 |   0.0 |   522
           D:2 |       0 |      97 |   0.0 |       0 |      17 |   0.0 |   816
           D:3 |       0 |     301 |   0.0 |       0 |      18 |   0.0 |   721
           D:4 |       0 |     541 |   0.0 |       0 |      28 |   0.0 |  1059
           D:5 |       0 |    1138 |   0.0 |       0 |      30 |   0.0 |  1001
           D:6 |       0 |    1910 |   0.0 |       0 |      32 |   0.0 |  1231
           D:7 |       0 |    1390 |   0.0 |       0 |      14 |   0.0 |   264
               +---------+---------+-------+---------+---------+-------+---------
